Cogmind - Beta 13 @@@ ROGUE MODE // 2024.05.18 @ 20:57:40 Player: MaddyMorphosis Result: Destroyed by Y-45 Defender with Heavy Assault Rifle Performance ------------- Evolutions (1) 500 Regions Visited (3) 600 Robots Destroyed (41) 205 Value Destroyed (1131) 1131 Prototype IDs (0) 0 Alien Tech Used (0) 0 Bonus (0) 0 TOTAL SCORE: 2436 Bonus ------- None Cogmind --------- Core Integrity 0/400 Matter 300/300 Energy 156/160 System Corruption 1% Temperature Cool (2) Movement Treading (160) Location -9/Storage Parts ------- > --- POWER (2) -------- Light Nuclear Core > --- PROPULSION (2) --- Improved Treads Improved Treads > --- UTILITY (3) ------ Medium Storage Unit Improved Targeting Computer > --- WEAPON (2) ------- Heavy Particle Cannon Heavy Particle Cannon > --- INVENTORY (10) --- Improved Treads Flight Unit VTOL Module Cooling System Structural Scanner Light Armor Plating Hardened Light Armor Plating Heavy Particle Cannon Peak State ------------ > --- POWER ------------ Ion Engine Light Nuclear Core > --- PROPULSION ------- Flight Unit VTOL Module > --- UTILITY ---------- Heat Sink Medium Storage Unit Improved Targeting Computer > --- WEAPON ----------- Heavy Particle Cannon Heavy Particle Cannon > --- INVENTORY -------- Aluminum Leg Structural Scanner Light Armor Plating Hardened Light Armor Plating Heavy Particle Cannon Heavy Particle Cannon [Rating: 18] Favorites ----------- Power Ion Engine Engine Ion Engine Power Core Light Nuclear Core Propulsion Aluminum Leg Treads Light Treads Leg Aluminum Leg Wheel Wheel Flight Unit Flight Unit Utility Medium Storage Unit Device Heat Sink Storage Medium Storage Unit Processor Improved Targeting Computer Weapon Medium Laser Energy Gun Medium Laser Energy Cannon Heavy Particle Cannon Build | -11 -10 -9 -9 ------- Run | Yrd Mat Mat Sto Slots Evolved 2 | . . 2 . Power 1 | . . 1 . Propulsion . | . . . . Utility 1 | . . 1 . Weapon . | . . . . Parts Attached 46 | 6 12 17 11 Power 8 | 1 2 3 2 Engine 7 | 1 2 3 1 Core 1 | . . . 1 Reactor . | . . . . Propulsion 19 | 2 7 4 6 Treads 3 | . . . 3 Leg 11 | . 6 4 1 Wheel 3 | 2 1 . . Hover . | . . . . Flight 2 | . . . 2 Utility 5 | 1 1 3 . Device 1 | . . 1 . Storage 2 | 1 1 . . Processor 2 | . . 2 . Hackware . | . . . . Protection . | . . . . Artifact . | . . . . Weapon 14 | 2 2 7 3 Energy Gun 9 | 2 2 5 . Energy Cannon 5 | . . 2 3 Ballistic Gun . | . . . . Ballistic Cannon . | . . . . Launcher . | . . . . Special Weapon . | . . . . Impact Weapon . | . . . . Slashing Weapon . | . . . . Piercing Weapon . | . . . . Special Melee Weapon . | . . . . Unidentified Prototypes . | . . . . Corrupted Parts 1 | . . . 1 System Corruption 1 | . . . 1 Parts Lost 16 | . . 8 8 Power 5 | . . 2 3 Propulsion 5 | . . 3 2 Utility . | . . . . Weapon 6 | . . 3 3 Highest Loss Streak 6 | . . 4 6 To Critical Strikes 1 | . . 1 . Average Slot Usage (%) 95 | . 99 93 88 Engine 14 | . 14 18 12 Core 1 | . . . 8 Treads 1 | . . . 8 Leg 19 | . 24 20 7 Wheel 1 | . 3 . . Device 2 | . . 2 6 Storage 21 | . 27 19 11 Processor 5 | . . 10 11 Energy Gun 20 | . 27 19 4 Energy Cannon 4 | . . 2 17 Naked Turns . | . . . . Heaviest Build 34 | 8 21 34 33 Greatest Support 46 | 20 20 20 46 Greatest Overweight (x) 10 | . 1 2 10 Average Overweight (x) . | . . 1 1 Largest Inventory Capacity 10 | 5 10 10 10 Average Capacity 9 | 5 9 10 10 Most Carried 10 | 5 10 10 10 Average Carried 8 | 3 9 9 8 Final Capacity 10 | 5 10 10 10 Final Carried 10 | 5 10 10 8 Class Distribution -------------------- 61% | Scavenger-Mutant 38% | Mutant Dominant Class ---------------- Scavenger-Mutant | -10/Materials Scavenger-Mutant | -9/Materials Scavenger-Mutant | -9/Storage Resources | -11 -10 -9 -9 ----------- Run | Yrd Mat Mat Sto Matter Collected 805 | 343 134 224 104 Remotely . | . . . . Salvage Created 1548 | 62 417 515 554 Parts 104 | 4 32 34 34 Haulers Intercepted . | . . . . Recyclers Shooed 2 | . 2 . . Parts Field Recycled . | . . . . Retrieved Matter . | . . . . Parts Self-Destructed . | . . . . Prevented . | . . . . Kills | -11 -10 -9 -9 ------- Run | Yrd Mat Mat Sto Combat Hostiles Destroyed 33 | 1 8 13 11 Guns 23 | 1 8 10 4 Cannons 8 | . . 1 7 AOE 1 | . . 1 . Classes Destroyed 8 | 2 2 2 2 Worker 2 | 1 . . 1 Builder 1 | . . 1 . Recycler 2 | . 1 . 1 Watcher 3 | . 2 . 1 Swarmer 7 | . . 3 4 Grunt 22 | 1 8 10 3 Brawler 1 | . . . 1 Sentry 3 | . . . 3 Best Kill Streak 11 | 1 4 3 11 Combat Bots Only 9 | 1 4 3 9 Max Kills in Single Turn 2 | 1 1 2 2 Gunslinging 1 | . . 1 . Exploded 1 | . . 1 . Melee . | . . . . Uniques/NPCs Destroyed . | . . . . Combat | -11 -10 -9 -9 -------- Run | Yrd Mat Mat Sto Hostile Shots Fired 202 | 6 28 101 67 Missed 41 | 3 8 18 12 Damage Taken 2027 | 35 249 941 802 Core 485 | . 79 160 246 Absorbed by Shields . | . . . . Core Remaining (%) 84 | 100 68 . . Volleys Fired 119 | 6 42 41 30 Largest 2 | 2 2 2 2 Hottest 150 | 90 100 150 150 Shots Fired 233 | 12 82 81 58 Gun 186 | 12 82 69 23 Cannon 47 | . . 12 35 Launcher . | . . . . Special . | . . . . Kinetic . | . . . . Thermal 161 | 12 82 32 35 Explosive . | . . . . Electromagnetic 72 | . . 49 23 Robot Hit Streak 22 | 4 6 12 22 Robot Miss Streak 5 | 1 5 5 2 Penetration Max . | . . . . Secondary Targets 2 | . 1 1 . Max Gunslinging Chain 1 | . 1 1 . Shots Hit Robots 142 | 9 42 50 41 Core Hits 64 | 3 24 21 16 Critical Kills . | . . . . Critical Parts Destroyed . | . . . . Critical Strikes 6 | . 5 1 . Burn 6 | . 5 1 . Melee Attacks . | . . . . Impact . | . . . . Slashing . | . . . . Piercing . | . . . . Sneak Attacks . | . . . . Combat Hostiles . | . . . . Follow-up Attacks . | . . . . Damage Inflicted 2317 | 108 555 791 863 Guns 1475 | 108 555 574 238 Cannons 750 | . . 125 625 Explosions 92 | . . 92 . Melee . | . . . . Ramming . | . . . . Kinetic . | . . . . Thermal 1676 | 108 555 388 625 Explosive . | . . . . Electromagnetic 641 | . . 403 238 Impact . | . . . . Slashing . | . . . . Piercing . | . . . . Highest Corruption 1 | . . . 1 Average Corruption 1 | . . . 1 Corruption Purged . | . . . . Corruption Blocked . | . . . . Effects 3 | . . . 3 Matter Fused 1 | . . . 1 Energy Discharges 2 | . . . 2 Overload Shots . | . . . . Overflow Damage 25 | . . 25 . Projectiles . | . . . . Explosions 25 | . . 25 . Melee . | . . . . Knockbacks . | . . . . Impact . | . . . . Kinetic . | . . . . Secondary . | . . . . Self-Inflicted Damage 6 | . . 6 . Shots 1 | . . 1 . Rammed . | . . . . Targets Rammed 1 | . 1 . . Kicked 1 | . 1 . . Crushed . | . . . . Highest Temperature 562 | 168 295 554 562 Average Temperature 139 | 77 78 188 164 Received Heat Transfer 882 | 18 141 486 237 Effects 24 | . 2 14 8 Shutdowns 10 | . . 5 5 Energy Bleed 2 | . . 2 . Interference 5 | . 2 2 1 Matter Decay 2 | . . 2 . Short Circuit 2 | . . 1 1 Damage (major) 2 | . . 2 . Damage (core) 1 | . . . 1 Siege Activations . | . . . . Robots Corrupted 1 | . . 1 . Combat Hostiles 1 | . . 1 . Parts Fried 4 | . . 2 2 Impact Corruptions . | . . . . Robots Melted . | . . . . Combat Hostiles . | . . . . Parts Melted 9 | 1 5 1 2 Heat Transferred 4066 | 285 1929 927 925 Parts Sabotaged . | . . . . Parts Stolen . | . . . . Parts Stripped . | . . . . Power Chain Reactions 2 | . . 2 . Alert | -11 -10 -9 -9 ------- Run | Yrd Mat Mat Sto Peak Influence 363 | 25 181 281 363 Initial 90 | . 16 . 90 Average 116 | 6 50 133 267 Maximum Alert Level 1 | . . 1 1 Low Security (%) 79 | 100 100 83 25 Level 1 20 | . . 16 74 Level 2 . | . . . . Level 3 . | . . . . Level 4 . | . . . . Level 5 . | . . . . High Security . | . . . . Max Security . | . . . . Squads Dispatched 6 | . 2 3 1 Investigation 3 | . 1 2 . Extermination . | . . . . Reinforcement 3 | . 1 1 1 Assault . | . . . . Garrison . | . . . . Intercept . | . . . . Searches Triggered . | . . . . Construction Impeded . | . . . . Haulers Reinforced . | . . . . Active Scanning Responses . | . . . . Cargo Convoy Interrupts . | . . . . Stealth | -11 -10 -9 -9 --------- Run | Yrd Mat Mat Sto Distress Signals 4 | . 1 2 1 Communications Jammed . | . . . . Distress Signals . | . . . . Times Spotted 62 | 1 13 27 21 Peak Tracking Total 9 | 1 4 6 9 Tactical Retreats 5 | . . 2 3 Traps | -11 -10 -9 -9 ------- Run | Yrd Mat Mat Sto Traps Triggered 3 | . 1 . 2 Indirectly . | . . . . Trap Hack Attempts . | . . . . Triggered . | . . . . Disarmed . | . . . . Reprogrammed . | . . . . Reused . | . . . . Traps Extracted . | . . . . Installed . | . . . . Triggered . | . . . . Machines | -11 -10 -9 -9 ---------- Run | Yrd Mat Mat Sto Machines Disabled 1 | . . 1 . Max in Single Turn 1 | . . 1 . Machines Repaired . | . . . . Machines Dismantled . | . . . . Machines Sabotaged . | . . . . Overloaded Fab Kills . | . . . . Hacking | -11 -10 -9 -9 --------- Run | Yrd Mat Mat Sto Machines Accessed 9 | . 4 4 1 Terminals 8 | . 3 4 1 Fabricators . | . . . . Repair Stations . | . . . . Recycling Units 1 | . 1 . . Scanalyzers . | . . . . Garrison Access . | . . . . Total Hacks 38 | . 20 17 1 Successful 24 | . 13 10 1 Failed 14 | . 7 7 . Catastrophic 3 | . 2 1 . Database Lockouts . | . . . . Manual 2 | . 2 . . Terminals 36 | . 18 17 1 Fabricators . | . . . . Repair Stations . | . . . . Recycling Units 2 | . 2 . . Scanalyzers . | . . . . Garrison Access . | . . . . Terminal Hacks 22 | . 11 10 1 Record 11 | . 7 4 . Alert Level 4 | . 2 1 1 Maintenance Status 1 | . . 1 . Investigation Status 2 | . . 2 . Reinforcement Status 1 | . . 1 . Assault Status 1 | . 1 . . Zone Layout 2 | . 1 1 . Fabricator Hacks . | . . . . Repair Station Hacks . | . . . . Recycling Unit Hacks 2 | . 2 . . Report Inventory 1 | . 1 . . Retrieve Matter 1 | . 1 . . Scanalyzer . | . . . . Garrison Access Hacks . | . . . . Unauthorized Hacks . | . . . . Terminals . | . . . . Fabricators . | . . . . Repair Stations . | . . . . Recycling Units . | . . . . Scanalyzers . | . . . . Garrison Access . | . . . . Data Cores Recovered . | . . . . Used . | . . . . Hacking Detections 7 | . 2 4 1 Full Trace Events 3 | . 1 2 . Feedback Events . | . . . . Feedback Blocked . | . . . . Robot Schematics Acquired . | . . . . Robots Built . | . . . . Authchips . | . . . . Time . | . . . . Total Robot Build Rating . | . . . . Part Schematics Acquired . | . . . . Parts Built . | . . . . Authchips . | . . . . Time . | . . . . Total Part Build Rating . | . . . . Parts Repaired . | . . . . Time . | . . . . Parts Recycled . | . . . . Recycled Matter . | . . . . Retrieved Matter 51 | . 51 . . Retrieved Components . | . . . . Parts Scanalyzed . | . . . . Part Schematics Acquired . | . . . . Parts Damaged . | . . . . Bothacking | -11 -10 -9 -9 ------------ Run | Yrd Mat Mat Sto Used RIF Installer . | . . . . Robots Hacked . | . . . . Non-combat . | . . . . Combat . | . . . . Robot Hacks Applied . | . . . . Relay Couplers Released . | . . . . Fabnet Peak Effective % . | . . . . Robots Rewired . | . . . . Allies Hacked . | . . . . Hacks Repelled . | . . . . Allies | -11 -10 -9 -9 -------- Run | Yrd Mat Mat Sto Total Allies . | . . . . Largest Group . | . . . . Highest-Rated Group . | . . . . Highest-Rated Ally . | . . . . Total Orders . | . . . . Ally Attacks . | . . . . Total Damage . | . . . . Kills . | . . . . Allies Corrupted . | . . . . Allies Melted . | . . . . Intel | -11 -10 -9 -9 ------- Run | Yrd Mat Mat Sto Robot Analysis Total . | . . . . Derelict Logs Recovered . | . . . . Drone Launches . | . . . . Drone Recoveries . | . . . . Exploration | -11 -10 -9 -9 ------------- Run | Yrd Mat Mat Sto Turns Passed 2611 | 96 1302 649 564 Spaces Moved 1114 | 82 653 242 137 Core 23 | 20 . . 3 Treads 60 | . . . 60 Legs 847 | . 539 242 66 Wheels 176 | 62 114 . . Hover . | . . . . Flight 8 | . . . 8 Fastest Speed 50 | 50 80 190 160 Average Speed 172 | 72 161 194 244 Slowest Speed 680 | 80 190 260 680 Overloaded Moves . | . . . . Propulsion Burnouts . | . . . . Robots Hopped . | . . . . Cave-ins Triggered . | . . . . Exploration Rate (%) 30 | 7 58 26 31 Regions Visited 3 Branch Regions 1 Pre-discovered Areas . | . . . . Known Exits Taken . | . . . . Unknown Exits Taken 3 | 1 1 1 . Scrap Searched . | . . . . Spaces Dug . | . . . . Terrain Destroyed 19 | . . 12 7 Melee . | . . . . Projectile 14 | . . 7 7 AOE 5 | . . 5 . Terrain Rammed . | . . . . Walls Destroyed . | . . . . Machines Disabled . | . . . . Actions | -11 -10 -9 -9 --------- Run | Yrd Mat Mat Sto Total 1581 | 106 822 343 310 Wait 214 | . 79 18 117 Move 1111 | 81 652 241 137 Hop . | . . . . Pick Up 61 | 12 22 18 9 Fast Attach . | . . . . Attach 36 | 6 9 13 8 Detach 1 | . . . 1 Swap 10 | . 3 4 3 Drop 28 | 1 14 8 5 Fire 119 | 6 42 41 30 Melee . | . . . . Ram . | . . . . Kick 1 | . 1 . . Crush . | . . . . Escape Stasis . | . . . . Rewire . | . . . . Trap . | . . . . Miscellaneous . | . . . . Route ------- -11/Scrapyard -10/Materials -9/Materials (discovered 2 exits: [*Mat] / *Sto) -9/Storage History --------- Turn | Location | Event 2 | -11/Scrapyard | Met Revision 17 64 | -11/Scrapyard | Discovered new exit (range 8) 97 | -11/Scrapyard | Entered Materials 306 | -10/Materials | Build established: Mutant 524 | -10/Materials | Discovered new exit (range 13) 1038 | -10/Materials | Build established: Scavenger-Mutant 1399 | -10/Materials | Entered another Materials area 1399 | -9/Materials | Evolved 2 slots: Power x1, Utility x1 1720 | -9/Materials | Lost 4 parts (2n2w) 1785 | -9/Materials | Discovered new exit (range 3) 1831 | -9/Materials | Discovered new exit (range 10) 1865 | -9/Materials | Lost 3 parts (1p1n1w) 2048 | -9/Materials | Entered Storage 2162 | -9/Storage | Core integrity fell below 50% 2210 | -9/Storage | Destroyed 9 combat bots 2212 | -9/Storage | Lost 6 parts (2p2n2w) 2514 | -9/Storage | Core integrity fell below 20% 2612 | -9/Storage | Destroyed by Y-45 Defender with Heavy Assault Rifle Last Messages --------------- Aluminum Leg. 02568_ R-06 Scavenger collects Lgt. Treads. 02569_ System corrupted: Energy discharge (-108). 02589_ Triggered EMP Trap. 02589_ A bubble of electromagnetic force engulfs the area. 02589_ EMP Trap short circuited. 02589_ U-05 Engineer destroyed. 02589_ EMP Trap short circuited. 02589_ A bubble of electromagnetic force engulfs the area. 02589_ Chain reaction triggered in Corrupted Lgt. Ion Engine. 02589_ A bubble of electromagnetic force engulfs the area. 02591_ Triggered EMP Trap. 02591_ A bubble of electromagnetic force engulfs the area. 02591_ Ion Engine destroyed. Map ----- +----------------------------------------------------+ | | | | | | | | | | | | | | | | | | | | | | | | | | | | | | | | | | | | | | | ??????????????????????????????????????????? | | ??????????????????????????????????????????? | | ??????????????????????????????????????????? | | ??????????????????????????????????????????? | | ????????????????????????????????????????#?# | | ??????????############################# ? | | ??????+ Y @ | | ??????????######### a T | | ??????????????????# | | ??????????????????#### ###########?? | | ?????????????????????# #????????###?# | | ?????????????????????# w #????#####%### | | ?????????????????????# #????# # | | ??????????????????### ###### ! # | | ??????????????+ + # | | ??????????????##### #"""######## + | | ??????????????????# #####??????# # | | ??????????????????#????????????# #! | | ???????????????????????????????# %/% | | ???????????????????????????????# #=! | | ???????????????????????????????##########+# | | ????????????????????????????????????# | | ????????????????????????????????????# """ " | | ????????????????????????????????????# """ " | | ????????????????????????????????????# """ " | | ???????????????????????????????????# | | ???????????????????????????????????## | | ????????????????????????????????????# | | ????????????????????????????????????# | | ????????????????????????????????????####### | | ??????????????????????????????????????????? | +----------------------------------------------------+ Best States ------------- Heat Dissipation 38 Energy Generation 19 Energy Capacity 400 Matter Stores 400 Matter Capacity 400 Sight Range 16 Terrain Scan Density 10 Evasion (%) 55 Targeting Accuracy 6 Recoil Reduction 2 Item Schematics ----------------- None Robot Schematics ------------------ None Fabricated ------------ Nothing Alien Tech Used ----------------- None Achievements -------------- Librarian Challenges ------------ None Game ------ Seed EtherialForceExtractor Manual? 0 Play Time 00:52:12 Cumulative 2.9 hours Start 2024.05.18 @ 19:28:49 End 2024.05.18 @ 20:57:40 Sessions 1 Manual Loads 0 Difficulty Rogue Special Mode None Game No. 3 Rogue 3 Adventurer 0 Explorer 0 Win Type - Total 0 Types 0/0/0/0/0/0/0/0/0 Lore% 4 Gallery% 5 Achievement% 7 Wizard Run 0 Options --------- Layout 1 ASCII 0 Keyboard 0 Movement Mouse Keybinds 0 Fullscreen 2 Font 24/Smallcaps Map View 50x35 Zoom Use 0% Tactical HUD 1 Map Filters NONE Filters NONE Steam 1 RUN: 832903f0-b7aa-453a-a41d-798b51bb8ba6